Cogmind - Beta 16 @@@ ROGUE MODE // 2026.01.19 @ 22:56:38 Player: Artackni Result: Destroyed by G-73 Enforcer with Heavy Laser Performance ------------- Evolutions (9) 4500 Regions Visited (24) 4800 Robots Destroyed (501) 2505 Value Destroyed (26319) 26319 Prototype IDs (21) 420 Alien Tech Used (0) 0 Bonus (15216) 15216 TOTAL SCORE: 53760 Bonus ------- High Alert Combat Kills 8147 Follower Combat Kills 2253 Entered Garrisons 1400 Used RIF Installer 3500 Friendly Fire -84 Cogmind --------- Core Integrity 0/1600 Matter 17/300 Energy 82/100 System Corruption 0% Temperature Cool (10) Movement Flying (40) Location -1/Garrison Parts ------- > --- POWER (2) -------- (None) > --- PROPULSION (7) --- Xenon Bombardment Thruster > --- UTILITY (13) ----- (None) > --- WEAPON (3) ------- (None) > --- INVENTORY (5) ---- Light Quantum Reactor Enhanced Hardcell Cannon Advanced Micro-nuke Launcher Peak State ------------ > --- POWER ------------ Light Antimatter Reactor Reinforced Antimatter Reactor > --- PROPULSION ------- Armored Medium Treads Armored Medium Treads Armored Medium Treads Improved Heavy Treads Biometal Medium Treads Advanced Myomer Leg > --- UTILITY ---------- Advanced Heat Sink Improved Cooling System Advanced Cooling System Cargo Storage Unit Advanced Weapon Cycler Advanced Phase Shifter Improved Heavy Armor Plating Relay Coupler [NC] Relay Coupler [Sentry] > --- WEAPON ----------- Enhanced Hardcell Cannon Enhanced Hardcell Cannon Enhanced Hardcell Cannon > --- INVENTORY -------- Micro Antimatter Reactor Light Quantum Reactor Experimental Power Amplifier High-capacity Storage Unit Gravity Neutralizer Gravity Neutralizer Advanced Target Analyzer Quantum Capacitor Improved Weapon Cycler Advanced Phase Shifter Advanced Cloaking Device Relay Coupler [Demolisher] Drone Bay Enhanced Hardcell Cannon Enhanced Hardcell Cannon Gamma Bomb Array Advanced Micro-nuke Launcher Advanced Micro-nuke Launcher Advanced Micro-nuke Launcher Advanced Micro-nuke Launcher Advanced Micro-nuke Launcher Tactical Quantum Warhead Advanced Remote Datajack Carbide Saw [Rating: 156] Favorites ----------- Power Cold Fusion Reactor Engine Light Angular Momentum Engine Power Core Light Nuclear Core Reactor Cold Fusion Reactor Propulsion Armored Medium Treads Treads Armored Medium Treads Leg Advanced Myomer Leg Wheel Wheel Flight Unit Xenon Bombardment Thruster Utility Advanced Heat Sink Device Advanced Heat Sink Storage Large Storage Unit Processor Core Analyzer Hackware Relay Coupler [Grunt] Protection Improved Medium Armor Plating Weapon Magnetic Acceleration Cannon Energy Gun Heavy Laser Energy Cannon Matter Neutralizer Ballistic Gun KE Penetrator Ballistic Cannon Magnetic Acceleration Cannon Launcher Improved Proton Missile Launcher Special Weapon Improved Remote Datajack Impact Weapon Mace Slashing Weapon Makeshift Axe Build | -11 -10 -10 -8 -8 -8 -7 -7 -6 -6 -6 -6 -6 -6 -5 -5 -5 -5 -4 -4 -3 -3 -2 -1 -1 ------- Run | Yrd Mat Sub Mat Gar Mat Fac Gar Fac Ext Cet Arc Hub Gar Fac Gar Fac Gar Fac Gar Res Arm Res Acc Gar Slots Evolved 18 | . . . 4 . . 2 . 2 . . . . . 2 . . . 2 . 2 . 2 2 . Power 1 | . . . . . . . . . . . . . . . . . . 1 . . . . . . Propulsion 5 | . . . 1 . . 1 . . . . . . . . . . . . . 2 . 1 . . Utility 11 | . . . 2 . . 1 . 2 . . . . . 2 . . . 1 . . . 1 2 . Weapon 1 | . . . 1 . . . . . . . . . . . . . . . . . . . . . Parts Attached 285 | 7 5 10 26 5 20 4 8 21 8 5 4 16 5 19 13 . 9 10 24 20 26 13 4 3 Power 32 | 1 1 1 5 2 4 . . 3 . . 1 2 . 1 . . 1 1 2 2 2 3 . . Engine 10 | 1 1 1 2 . 1 . . 1 . . 1 . . 1 . . . . . . . 1 . . Core 9 | . . . 3 2 3 . . 1 . . . . . . . . . . . . . . . . Reactor 13 | . . . . . . . . 1 . . . 2 . . . . 1 1 2 2 2 2 . . Propulsion 61 | 2 1 3 7 1 5 1 1 4 5 2 . 1 1 6 1 . . . 6 2 5 4 2 1 Treads 51 | . . 3 7 1 5 1 1 4 4 2 . 1 1 5 1 . . . 6 2 5 1 1 . Leg 3 | . . . . . . . . . . . . . . . . . . . . . . 3 . . Wheel 6 | 2 1 . . . . . . . 1 . . . . 1 . . . . . . . . 1 . Hover . | . . . . . . . . . . . . . . . . . . . . . . . . . Flight 1 | . . . . . . . . . . . . . . . . . . . . . . . . 1 Utility 112 | 2 1 1 6 1 7 2 3 8 2 . 2 8 2 10 9 . 5 6 12 10 10 4 1 . Device 54 | 1 . . 2 1 1 . 1 2 1 . 1 6 . 7 3 . 3 4 2 9 6 3 1 . Storage 8 | 1 1 . . . 1 1 . 1 . . . . . . 1 . . 1 1 . . . . . Processor 9 | . . . 1 . 3 . . 1 . . 1 . . 1 . . . . 1 1 . . . . Hackware 15 | . . . . . . . 1 1 1 . . . 1 . 2 . 1 1 5 . 1 1 . . Protection 26 | . . 1 3 . 2 1 1 3 . . . 2 1 2 3 . 1 . 3 . 3 . . . Artifact . | . . . . . . . . . . . . . . . . . . . . . . . . . Weapon 80 | 2 2 5 8 1 4 1 4 6 1 3 1 5 2 2 3 . 3 3 4 6 9 2 1 2 Energy Gun 8 | 2 . . . . 1 . . . . 1 1 1 . . . . . . 2 . . . . . Energy Cannon 10 | . 2 . 2 . . . . . . . . . . . 1 . . 1 . 2 2 . . . Ballistic Gun 16 | . . 1 4 1 1 1 2 . . . . 1 1 1 1 . 1 1 . . . . . . Ballistic Cannon 27 | . . 2 1 . 1 . 2 5 1 . . 2 . 1 1 . 1 1 1 2 5 . 1 . Launcher 12 | . . . 1 . 1 . . . . 2 . . 1 . . . . . . 1 2 2 . 2 Special Weapon 4 | . . . . . . . . 1 . . . 1 . . . . 1 . . 1 . . . . Impact Weapon 1 | . . 1 . . . . . . . . . . . . . . . . . . . . . . Slashing Weapon 2 | . . 1 . . . . . . . . . . . . . . . . 1 . . . . . Piercing Weapon . | . . . . . . . . . . . . . . . . . . . . . . . . . Special Melee Weapon . | . . . . . . . . . . . . . . . . . . . . . . . . . Unidentified Prototypes 15 | . . . 3 . . 1 . 1 . 1 . 2 . 1 . . . 1 . 2 2 1 . . Corrupted Parts 4 | . . . . . . . . . 1 1 . . . . . . . . . . 2 . . . System Corruption 23 | . . . . . . . . . 3 10 . . . . . . . . . . 10 . . . Parts Lost 109 | . . 3 5 2 11 . 3 3 5 5 2 1 2 4 3 . 3 1 13 4 15 18 2 4 Power 8 | . . 1 1 . . . . . . . 1 . . . . . . . 1 . 2 2 . . Propulsion 31 | . . . . . 5 . 1 1 3 2 . 1 1 . . . . . 4 1 4 6 1 1 Utility 46 | . . 1 2 1 3 . 1 2 . 2 . . 1 2 2 . 3 1 6 1 8 8 1 1 Weapon 24 | . . 1 2 1 3 . 1 . 2 1 1 . . 2 1 . . . 2 2 1 2 . 2 Highest Loss Streak 8 | . . 1 4 1 7 . 2 1 4 4 1 1 2 1 1 . 2 1 8 2 4 8 2 5 To Critical Strikes 2 | . . . . . . . . . . 1 . . . . . . . . . . . 1 . . Average Backups 14 | 2 6 7 6 7 12 14 12 13 14 13 12 14 14 13 15 19 18 18 16 25 26 21 5 3 Power 1 | . 1 . . 1 2 4 2 2 2 2 1 2 2 2 2 2 2 1 . 1 1 1 1 1 Propulsion 3 | 1 4 3 2 3 3 1 . . 2 3 4 3 3 3 6 6 6 6 3 7 4 . . . Utility 3 | . . . 1 1 3 3 2 4 4 3 2 4 4 4 1 3 3 3 4 8 10 9 . . Weapon 5 | . 1 4 2 2 2 4 5 5 4 3 3 3 3 3 4 7 6 6 6 8 7 9 4 2 Tool/Special . | . . . . . . . . . . . . . . . . . . . . . . . . . Unused Backups 49 | . 2 2 4 2 1 4 1 5 1 . . 2 2 1 6 . 2 . 4 4 . 6 . . Power 8 | . . . . . . 3 1 1 . . . 1 . . . . . . 1 . . 1 . . Propulsion 7 | . 2 . . . . . . . 1 . . . 1 1 2 . . . . . . . . . Utility 17 | . . . 2 1 . 1 . . . . . 1 1 . 2 . 1 . 2 1 . 5 . . Weapon 15 | . . 2 2 1 . . . 3 . . . . . . 2 . 1 . 1 3 . . . . Tool/Special 2 | . . . . . 1 . . 1 . . . . . . . . . . . . . . . . Average Slot Usage (%) 89 | . 100 95 88 89 94 99 97 99 98 93 90 87 85 92 90 87 86 88 88 82 81 68 11 4 Engine 2 | . 14 13 3 . . 7 7 3 . . 4 . . . 5 4 . . . . . . . . Core 1 | . . . 5 9 8 . . . 6 6 1 . . . . . . . . . . . . . Reactor 3 | . . . . . . . . 2 . . . 5 6 4 . . 4 9 9 9 8 7 . . Treads 20 | . . 27 27 27 26 29 28 25 22 20 20 19 19 21 18 17 17 15 12 16 18 16 2 1 Device 10 | . 14 4 6 8 4 . 2 8 13 6 6 6 6 12 6 . 11 23 22 17 19 16 7 1 Storage 6 | . 14 14 9 9 9 7 7 6 6 6 6 6 6 5 5 5 5 5 5 4 4 3 . . Processor 7 | . . . . . 11 23 13 11 13 13 19 14 13 13 11 11 3 . 3 4 2 . . . Hackware 6 | . . . . . . . 4 10 9 13 13 7 6 5 10 11 6 5 9 14 9 6 . . Protection 7 | . . 5 10 9 6 7 8 7 2 4 . 4 6 5 10 17 16 11 6 . 1 2 . . Energy Cannon 2 | . 14 18 1 . . . . . . . . . . . 2 5 1 3 3 2 3 . . . Ballistic Gun 4 | . . . 4 26 14 4 9 . . . . 3 4 5 9 5 4 6 1 . . . . . Ballistic Cannon 9 | . . 8 18 . 4 7 11 16 16 12 13 12 12 10 2 4 6 3 6 10 8 6 . . Peak Build Rating 156 | 7 10 18 35 33 38 46 49 68 67 74 74 79 80 94 93 92 100 119 121 147 153 156 24 19 Average Rating 73 | 5 8 13 29 30 32 45 47 57 64 70 71 74 78 86 88 90 96 113 108 139 145 127 14 9 On Entrance 62 | . 7 10 18 33 29 38 46 48 67 63 70 74 74 80 88 92 91 100 115 112 145 145 7 11 Avg Prop Armor Cover (%) 9 | . . . . . . . 6 4 6 . . . . 1 . . . . 8 . 8 2 34 32 Naked Turns 52 | . . . . . . . . . . . . . . . . . . . . . . 35 . 17 Heaviest Build 239 | 13 19 24 50 43 56 53 61 66 59 57 52 74 72 77 106 106 119 138 197 226 230 239 2 9 Greatest Support 237 | 26 26 46 66 62 66 86 88 100 108 130 130 132 130 130 124 124 124 136 162 237 220 226 3 6 Greatest Overweight (x) 6 | . . . . . 1 . 1 . 5 . . . . . . . . 1 1 1 1 6 . 2 Average Overweight (x) . | . . . . . . . . . . . . . . . . . . . . . . . . . Largest Inventory Capacity 30 | 8 8 8 8 8 15 15 15 15 15 15 15 15 15 15 20 20 20 25 30 30 30 30 5 5 Average Capacity 16 | 7 8 8 8 8 14 15 15 15 15 15 15 15 15 15 17 20 20 20 20 30 30 27 5 5 Most Carried 30 | 3 8 8 8 8 15 15 15 15 15 15 15 15 15 15 20 20 20 20 25 30 30 29 5 5 Average Carried 15 | 2 6 7 7 7 12 14 14 14 14 13 12 14 14 14 16 20 19 19 18 28 28 22 4 3 Final Capacity 30 | 8 8 8 8 8 15 15 15 15 15 15 15 15 15 15 20 20 20 20 30 30 30 5 5 5 Final Carried 30 | 3 8 8 8 7 15 15 15 15 15 13 15 15 15 15 20 20 20 20 25 30 30 5 5 3 Class Distribution -------------------- 27% | Scavenger-Tank 17% | Gunner 13% | Mutant 12% | Tank 8% | Botlord-Tank 5% | Scavenger-Gunner 4% | Derelict-Gunner Dominant Class ---------------- Mutant | -10/Materials Mutant | -10/Subcaves Derelict-Gunner | -8/Materials Tank | -8/Garrison Scavenger-Tank | -8/Materials Gunner | -7/Factory Gunner | -7/Garrison Gunner | -6/Factory Commander-Gunner | -6/Extension Commander-Tank | -6/Cetus Scavenger-Gunner | -6/Archives Scavenger-Tank | -6/Hub_04(d) Tank | -6/Garrison Gunner | -5/Factory Scavenger-Tank | -5/Garrison Scavenger-Tank | -5/Factory Scavenger-Tank | -5/Garrison Scavenger-Tank | -4/Factory Scavenger-Tank | -4/Garrison Botlord-Tank | -3/Research Botlord-Tank | -3/Armory Scavenger-Tank | -2/Research Mutant | -1/Access Mutant | -1/Garrison Resources | -11 -10 -10 -8 -8 -8 -7 -7 -6 -6 -6 -6 -6 -6 -5 -5 -5 -5 -4 -4 -3 -3 -2 -1 -1 ----------- Run | Yrd Mat Sub Mat Gar Mat Fac Gar Fac Ext Cet Arc Hub Gar Fac Gar Fac Gar Fac Gar Res Arm Res Acc Gar Matter Collected 18442 | 270 50 107 1398 536 1100 130 730 1883 696 249 248 1269 682 752 1186 . 653 311 1328 1366 2023 1284 83 108 Remotely . | . . . . . . . . . . . . . . . . . . . . . . . . . Salvage Created 20690 | 84 106 402 1523 623 1816 185 599 1574 515 407 194 1459 381 1301 1304 . 620 422 1447 917 2463 1951 71 326 Parts 926 | 3 5 33 90 36 94 15 29 65 20 13 6 72 29 56 48 . 43 14 59 36 80 56 3 21 Haulers Intercepted 12 | . . . 4 . 2 . . 1 . . . 1 . 1 . . . . . 1 . 1 1 . Recyclers Shooed 6 | . . . . . . . . 1 . . . 3 . . . . . 1 . . . 1 . . Parts Field Recycled . | . . . . . . . . . . . . . . . . . . . . . . . . . Retrieved Matter . | . . . . . . . . . . . . . . . . . . . . . . . . . Parts Self-Destructed 8 | . . 8 . . . . . . . . . . . . . . . . . . . . . . Prevented 3 | . . 3 . . . . . . . . . . . . . . . . . . . . . . Parts Restored . | . . . . . . . . . . . . . . . . . . . . . . . . . Kills | -11 -10 -10 -8 -8 -8 -7 -7 -6 -6 -6 -6 -6 -6 -5 -5 -5 -5 -4 -4 -3 -3 -2 -1 -1 ------- Run | Yrd Mat Sub Mat Gar Mat Fac Gar Fac Ext Cet Arc Hub Gar Fac Gar Fac Gar Fac Gar Res Arm Res Acc Gar Combat Hostiles Destroyed 410 | . 4 11 30 18 33 6 16 32 6 6 4 21 15 23 21 . 18 7 19 19 45 43 . 13 Melee 6 | . . . 1 . 5 . . . . . . . . . . . . . . . . . . . Guns 107 | . 3 . 5 18 19 5 13 . . . 2 6 4 5 14 . 8 1 4 . . . . . Cannons 218 | . 1 10 22 . 7 1 3 32 6 2 2 15 7 12 5 . 10 3 13 18 35 13 . 1 AOE 73 | . . . 2 . 2 . . . . 4 . . 4 6 2 . . 1 2 . 8 30 . 12 Classes Destroyed 24 | 2 2 2 5 1 3 1 1 2 1 . . . 1 1 . . . . . . 2 . . . Worker 25 | . . . 1 . 5 . . 5 . . . 6 . 3 . . . . . . . 4 1 . Builder 9 | . . . 3 . 1 . . 1 1 . . . . . . . . 1 . . . 2 . . Tunneler 4 | 1 . . 1 . . . . . . . . . . 2 . . . . . . . . . . Hauler 12 | . . . 4 . 2 . . 1 . . . 1 . 1 . . . . . 1 . 1 1 . Recycler 22 | 1 . . 4 . 2 . . 5 3 . . 3 . 1 . . . . . . . 3 . . Carrier 1 | . . . . . . . . . . . . . . . . . . . . . 1 . . . Mechanic 3 | . . . . . 2 . . 1 . . . . . . . . . . . . . . . . Operator 5 | . . . . . 1 . . 1 . . . 1 . . . . . . . . 1 1 . . Watcher 8 | . . . . . 1 . . 2 . 1 . 1 . 1 . . . . . . . 2 . . Swarmer 103 | . 3 4 6 4 4 4 6 11 2 . . . 5 2 11 . 11 . 12 . 5 5 . 8 Cutter 7 | . . . . 1 . . . . . . . . 3 . 3 . . . . . . . . . Saboteur 4 | . . . . . . . . . . . . . 1 . . . . . . . . 3 . . Grunt 140 | . 1 . 15 5 23 . 6 8 . 2 . 9 1 12 3 . 4 3 . 5 19 20 . 4 Brawler 6 | . . . . . . . 1 . . . . . . . 1 . . . . . 2 2 . . Duelist 12 | . . . 1 . 2 . 1 . . . . 1 . . . . . . . 2 3 2 . . Protector 4 | . . . . . . . . . . . . . . . . . . . . . 3 1 . . Sentry 39 | . . 1 7 6 4 . 1 4 2 . 4 4 2 . 1 . . . 2 1 . . . . Demolisher 3 | . . . . . . . . . . . . . . 1 . . . . 1 1 . . . . Specialist 11 | . . . . . . . . 1 . . . 4 . . . . . . . . 4 2 . . Hunter 26 | . . . 1 2 . . . 1 1 . . . 3 4 . . . 2 2 3 2 5 . . Programmer 40 | . . . . . . 2 1 6 . . . 3 . 4 . . 4 2 2 6 6 3 . 1 Heavy 1 | . . . . . . . . 1 . . . . . . . . . . . . . . . . Behemoth 5 | . . . . . . . . . 1 . . . . . 2 . . . . 1 1 . . . Cetus Guard 4 | . . . . . . . . . . 4 . . . . . . . . . . . . . . Subdweller 6 | . . 6 . . . . . . . . . . . . . . . . . . . . . . Thug 1 | . . . . . . . . . . 1 . . . . . . . . . . . . . . Best Kill Streak 13 | 1 3 3 4 6 10 4 3 7 2 5 1 9 4 9 4 . 3 4 5 5 11 13 1 9 Combat Bots Only 10 | . 3 3 3 6 4 4 3 6 2 4 1 6 4 8 4 . 3 3 5 5 10 10 . 9 Max Kills in Single Turn 7 | 1 1 1 2 2 3 1 1 2 1 2 1 2 3 5 2 . 2 1 2 1 5 4 1 7 Gunslinging 1 | . . . . 1 . . . . . . . . . . . . . . . . . . . . Exploded 7 | . . . 1 . 2 . . . . 2 . . 3 4 2 . . 1 1 . 5 4 . 7 Melee 1 | . . . 1 . 1 . . . . . . . . . . . . . . . . . . . Uniques/NPCs Destroyed . | . . . . . . . . . . . . . . . . . . . . . . . . . Combat | -11 -10 -10 -8 -8 -8 -7 -7 -6 -6 -6 -6 -6 -6 -5 -5 -5 -5 -4 -4 -3 -3 -2 -1 -1 -------- Run | Yrd Mat Sub Mat Gar Mat Fac Gar Fac Ext Cet Arc Hub Gar Fac Gar Fac Gar Fac Gar Res Arm Res Acc Gar Hostile Shots Fired 2992 | . 32 65 178 61 174 20 94 217 99 43 38 167 111 130 88 . 85 45 254 175 457 327 23 109 Missed 1013 | . 5 26 44 17 39 5 34 85 30 20 6 69 26 32 26 . 19 10 66 51 216 149 8 30 Hits 1979 | . 27 39 134 44 135 15 60 132 69 23 32 98 85 98 62 . 66 35 188 124 241 178 15 79 Melee 42 | . . . 5 1 5 . 1 . . . . 1 8 . 7 . . . 7 . 2 5 . . Projectile 1937 | . 27 39 129 43 130 15 59 132 69 23 32 97 77 98 55 . 66 35 181 124 239 173 15 79 AOE 13 | . . . . 1 . . . . . . . . 1 3 1 . . 2 5 . . . . . Critical Strikes 80 | . . . 5 1 5 . 1 3 . 6 2 1 3 3 4 . 3 2 10 7 10 9 . 5 Part Disruptions 9 | . . . . . . . 1 4 . . . 2 . . . . . . 1 . . 1 . . Damage Taken 36080 | . 225 542 2027 638 2313 228 817 1972 838 655 771 1203 1169 1919 1422 . 1039 715 3913 2278 4829 4383 321 1863 Core 4683 | . 47 104 212 60 77 18 103 111 43 . 119 59 121 110 104 . 91 44 154 221 317 953 154 1461 Absorbed by Shields 347 | . . . . . . . . . . . . . . . . . . 65 . 282 . . . . Reduced by Siege Mode 735 | . . . . . . . . . . . 50 12 44 . . . . 16 77 228 277 31 . . Ignored by Resistances 135 | . . 11 12 . . . . 36 . 5 . . . . . . 71 . . . . . . . Regen/Repaired (Parts) 642 | . . . . . . . . . . . . . . . . 56 . 586 . . . . . . Core Remaining (%) 60 | 100 . 39 . . 36 . 82 . . . . . 46 . . . 69 . 82 . 58 34 . . Volleys Fired 1214 | 14 13 33 93 35 91 8 48 89 51 12 19 66 40 40 102 . 51 23 84 68 123 97 3 11 Largest 3 | 2 2 2 3 3 3 3 3 3 3 3 3 3 3 3 3 . 3 3 3 3 3 3 1 1 Hottest 273 | 100 112 112 130 78 145 134 134 132 132 169 169 169 121 121 168 . 196 192 273 221 236 174 58 58 Shots Fired 2756 | 28 26 58 253 105 233 24 137 253 89 27 50 186 83 118 195 . 98 57 169 165 251 137 3 11 Gun 874 | 28 22 1 48 105 197 16 86 3 . 1 13 71 22 41 102 . 43 30 44 1 . . . . Cannon 1709 | . 4 57 204 . 34 8 51 250 60 20 37 112 47 77 73 . 52 24 110 152 232 101 2 2 Launcher 78 | . . . 1 . 2 . . . . 6 . . 10 . 2 . . . 4 3 9 31 1 9 Special 95 | . . . . . . . . . 29 . . 3 4 . 18 . 3 3 11 9 10 5 . . Kinetic 2166 | . . 11 238 105 208 16 123 253 60 20 37 155 69 118 150 . 87 34 103 121 153 101 2 2 Thermal 348 | 28 22 . . . 23 8 14 . . 1 13 28 . . 25 . 8 20 47 32 79 . . . Explosive 49 | . . . . . . . . . . 2 . . 2 . 1 . . . . . 3 31 1 9 Electromagnetic 98 | . 4 47 15 . 2 . . . . 4 . . 8 . 1 . . . 8 3 6 . . . Robot Hit Streak 26 | 6 9 17 12 14 10 13 11 13 14 10 8 19 8 10 18 . 10 7 26 16 12 8 4 7 Robot Miss Streak 10 | 3 6 2 6 6 6 4 9 8 4 1 2 10 4 6 7 . 6 3 4 4 3 4 . 1 Penetration Max 1 | . . . . . 1 . . . . . . 1 . 1 1 . . 1 . 1 . . . . Secondary Targets 6 | . 1 . . 3 2 . . . . . . . . . . . . . . . . . . . Max Gunslinging Chain 1 | . 1 . . 1 1 . . . . . . . . . . . . . . . . . . . Shots Hit Robots 1705 | 19 12 44 132 65 158 9 72 148 63 15 32 126 39 65 120 . 43 36 131 128 157 79 3 9 Core Hits 993 | 3 5 15 65 40 88 8 41 70 16 19 11 78 43 54 57 . 25 10 50 52 110 108 2 23 Critical Kills 6 | . . . . . . . . . . . . . . . 1 . . 2 . . 3 . . . Critical Parts Destroyed 13 | . . . . . 5 . 1 . . . . 2 1 . 2 . . 1 1 . . . . . Critical Strikes 106 | 1 1 2 10 . 7 . 3 8 2 . 2 6 2 3 7 . 1 3 10 16 17 5 . . Burn 5 | 1 . . . . 2 . . . . . 1 1 . . . . . . . . . . . . Meltdown 5 | . . . . . . . . . . . . . . . . . . 2 . . 3 . . . Destroy 14 | . . . . . 5 . 1 . . . . 2 1 . 3 . . 1 1 . . . . . Blast 74 | . . 2 9 . . . 2 8 2 . 1 3 1 3 4 . 1 . 3 16 14 5 . . Corrupt 3 | . 1 . 1 . . . . . . . . . . . . . . . 1 . . . . . Sever 5 | . . . . . . . . . . . . . . . . . . . 5 . . . . . Melee Attacks 84 | . . 14 4 2 13 . 4 13 . . . . . . . . . . 34 . . . . . Impact 6 | . . 6 . . . . . . . . . . . . . . . . . . . . . . Slashing 78 | . . 8 4 2 13 . 4 13 . . . . . . . . . . 34 . . . . . Piercing . | . . . . . . . . . . . . . . . . . . . . . . . . . Sneak Attacks 5 | . . . 1 . 1 . . 3 . . . . . . . . . . . . . . . . Combat Hostiles . | . . . . . . . . . . . . . . . . . . . . . . . . . Follow-up Attacks . | . . . . . . . . . . . . . . . . . . . . . . . . . Damage Inflicted 66334 | 233 181 881 3365 1208 4226 217 1547 4844 1131 1185 880 3809 1551 3160 3429 . 1484 1315 4691 5391 9031 10180 168 2227 Guns 11890 | 233 114 . 474 1208 2533 191 1054 52 . . 188 1411 264 555 1675 . 531 735 642 30 . . . . Cannons 35721 | . 67 850 2603 . 648 26 493 4527 1096 493 690 2375 643 1419 1410 . 925 580 2521 4917 6565 2728 100 45 Explosions 16408 | . . 31 131 . 664 . . . . 692 . . 644 1186 339 . . . 144 426 2456 7452 68 2175 Melee 2078 | . . . 76 . 374 . . 248 . . . . . . . . . . 1380 . . . . . Ramming 237 | . . . 81 . 7 . . 17 35 . 2 23 . . 5 . 28 . 4 18 10 . . 7 Kinetic 39286 | . . 166 2740 1208 2901 113 1482 4579 1096 493 690 3218 907 1974 2621 . 1249 759 1908 3989 4320 2728 100 45 Thermal 8263 | 233 114 31 73 . 280 104 65 . . . 188 568 . 495 464 . 207 556 1248 958 2679 . . . Explosive 13276 | . . . . . 418 . . . . 323 . . 644 691 300 . . . 77 . 1128 7452 68 2175 Electromagnetic 3194 | . 67 684 395 . 246 . . . . 369 . . . . 39 . . . 74 426 894 . . . Impact . | . . . . . . . . . . . . . . . . . . . . . . . . . Slashing 2078 | . . . 76 . 374 . . 248 . . . . . . . . . . 1380 . . . . . Piercing . | . . . . . . . . . . . . . . . . . . . . . . . . . Highest Corruption 21 | . . . . . . 1 1 4 7 17 17 17 4 8 8 1 5 1 2 9 21 4 . . Average Corruption 3 | . . . . . . 1 1 1 5 14 17 3 4 5 1 1 4 1 1 7 11 3 . . Corruption Purged 24 | . . . . . . . . . . . . 17 . . 7 . . . . . . . . . Corruption Blocked . | . . . . . . . . . . . . . . . . . . . . . . . . . Effects 351 | . . . . . . 5 6 30 19 13 15 32 39 20 11 2 33 4 35 27 48 12 . . Message Errors 91 | . . . . . . . 3 10 7 2 5 6 9 5 4 1 9 . 8 7 10 5 . . Matter Fused 84 | . . . . . . 4 2 8 6 3 5 12 9 4 3 . 4 1 8 5 9 1 . . Heat Flow Errors 39 | . . . . . . . 1 7 1 1 4 3 2 1 1 1 7 2 3 2 1 2 . . Energy Discharges 41 | . . . . . . 1 . 3 1 1 . 5 6 3 . . 3 1 6 3 7 1 . . Parts Rejected 6 | . . . . . . . . . . . 1 . . 2 1 . . . . . 2 . . . Parts Fused 4 | . . . . . . . . . . 1 . 1 1 . . . . . 1 . . . . . Data Loss (minor) 35 | . . . . . . . . 1 . 2 . 4 5 . 1 . 3 . 7 4 6 2 . . Data Loss (major) 11 | . . . . . . . . 1 . 1 . . 1 . . . 2 . 1 . 5 . . . Misfires 17 | . . . . . . . . . . 1 . 1 4 2 1 . 4 . 1 1 1 1 . . Alerts 9 | . . . . . . . . . 3 . . . 1 . . . . . . 2 3 . . . Misdirections 2 | . . . . . . . . . . 1 . . . . . . . . . . 1 . . . Weapon Failures 12 | . . . . . . . . . 1 . . . 1 3 . . 1 . . 3 3 . . . Overload Shots . | . . . . . . . . . . . . . . . . . . . . . . . . . Overflow Damage 1941 | . . . 82 . 105 . 5 93 4 1 . 42 23 187 50 . 3 93 84 253 260 392 10 254 Projectiles 1049 | . . . 82 . 16 . 5 64 4 . . 42 4 37 30 . 3 93 30 244 247 138 10 . Explosions 804 | . . . . . 85 . . . . 1 . . 19 150 19 . . . . 9 13 254 . 254 Melee 88 | . . . . . 4 . . 29 . . . . . . 1 . . . 54 . . . . . Knockbacks 222 | . . 4 23 . 9 . 2 31 8 . . 33 8 10 3 . 4 . 7 26 36 17 1 . Impact 3 | . . . 1 . . . . . 2 . . . . . . . . . . . . . . . Kinetic 211 | . . 4 21 . 9 . 2 31 5 . . 30 7 10 3 . 4 . 7 25 35 17 1 . Secondary 8 | . . . 1 . . . . . 1 . . 3 1 . . . . . . 1 1 . . . Self-Inflicted Damage 907 | . . . 52 . 113 . . . 6 18 . . 36 92 39 . . . 57 . 70 255 . 169 Shots 18 | . . . 1 . 1 . . . . 1 . . 2 2 1 . . . 1 . 1 5 . 3 Rammed 39 | . . . 21 . . 1 . 1 4 . 1 3 . . 1 . 1 . 1 1 2 . . 2 Targets Rammed 45 | . . . 22 . 1 1 . 2 5 . 1 5 . . 1 . 1 . 1 1 2 . . 2 Kicked . | . . . . . . . . . . . . . . . . . . . . . . . . . Crushed 6 | . . . 1 . 1 . . 1 1 . . 2 . . . . . . . . . . . . Highest Temperature 529 | 370 369 6 452 214 427 360 377 407 168 143 356 253 242 157 369 132 529 232 330 317 404 137 . . Average Temperature 115 | 149 153 5 142 49 109 146 127 112 35 34 127 46 74 60 109 67 143 74 116 92 110 36 . . Received Heat Transfer 5978 | . 9 78 837 162 1080 . 177 315 147 81 162 357 186 177 174 . 48 75 419 204 660 477 36 117 Effects 45 | 1 1 . 9 . 12 1 3 1 . . . . . . 1 . 9 . . 5 2 . . . Shutdowns 8 | . . . 1 . 2 1 . 1 . . . . . . 1 . 1 . . . 1 . . . Energy Bleed 13 | 1 1 . 4 . 3 . 2 . . . . . . . . . 1 . . 1 . . . . Interference 13 | . . . 3 . 3 . . . . . . . . . . . 3 . . 4 . . . . Matter Decay 4 | . . . . . 1 . 1 . . . . . . . . . 1 . . . 1 . . . Short Circuit 3 | . . . . . 2 . . . . . . . . . . . 1 . . . . . . . Damage (minor) 2 | . . . 1 . 1 . . . . . . . . . . . . . . . . . . . Damage (major) 2 | . . . . . . . . . . . . . . . . . 2 . . . . . . . Siege Activations 41 | . . . . . . . . . . . 4 5 3 . 5 . . 3 4 8 8 1 . . Total Turns 621 | . . . . . . . . . . . 48 90 54 . 34 . . 24 62 141 138 30 . . Longest Duration 64 | . . . . . . . . . . . 22 41 32 . 17 . . 15 28 64 27 30 . . Martial Activations . | . . . . . . . . . . . . . . . . . . . . . . . . . Shielding Activations . | . . . . . . . . . . . . . . . . . . . . . . . . . Robots Disrupted 1 | . . . . . . . . . . . . . . . 1 . . . . . . . . . Combat Hostiles 1 | . . . . . . . . . . . . . . . 1 . . . . . . . . . Robots Corrupted 2 | . . 1 . . . . . . . . . . . . . . . . . 1 . . . . Combat Hostiles 2 | . . 1 . . . . . . . . . . . . . . . . . 1 . . . . Parts Fried 8 | . . 4 1 . . . . . . 1 . . . . . . . . . 1 1 . . . Impact Corruptions 2 | . . . . . . . . . 1 . . . . . 1 . . . . . . . . . Robots Melted 5 | . . . . . . . . . . . . . . . . . . 2 . . 3 . . . Combat Hostiles 4 | . . . . . . . . . . . . . . . . . . 2 . . 2 . . . Parts Melted 23 | 1 2 . . . 1 . . 1 . 2 . 1 . . . . . 8 2 . 5 . . . Heat Transferred 9097 | 777 333 50 100 . 703 185 111 . . . 370 925 . 300 481 . 147 481 1159 832 2143 . . . Parts Sabotaged 7 | . . . . . . . . . . . . . . . . . . . 6 . 1 . . . Parts Stolen . | . . . . . . . . . . . . . . . . . . . . . . . . . Parts Stripped . | . . . . . . . . . . . . . . . . . . . . . . . . . Power Chain Reactions 7 | . . 1 1 . . . . . . . . . 1 . . . . . 1 . 3 . . . Alert | -11 -10 -10 -8 -8 -8 -7 -7 -6 -6 -6 -6 -6 -6 -5 -5 -5 -5 -4 -4 -3 -3 -2 -1 -1 ------- Run | Yrd Mat Sub Mat Gar Mat Fac Gar Fac Ext Cet Arc Hub Gar Fac Gar Fac Gar Fac Gar Res Arm Res Acc Gar Maximum Alert Level 5 | . . . 2 3 3 2 2 3 2 1 . 1 4 3 5 3 4 2 5 4 4 5 4 5 Low Security (%) 17 | 100 100 . 66 . . . 3 21 . 2 100 76 . . . . . . . . . . . . Level 1 19 | . . . 15 29 17 90 24 53 40 97 . 23 3 . . . . 13 23 . . . . . Level 2 23 | . . . 17 38 40 9 72 23 59 . . . 19 14 . . 23 86 24 . 47 7 . . Level 3 21 | . . . . 32 41 . . 1 . . . . 55 85 39 100 54 . 20 . 34 38 . 27 Level 4 14 | . . . . . . . . . . . . . 20 . 45 . 22 . 15 100 17 29 100 68 Level 5 4 | . . . . . . . . . . . . . . . 14 . . . 17 . . 25 . 4 High Security . | . . . . . . . . . . . . . . . . . . . . . . . . . Max Security . | . . . . . . . . . . . . . . . . . . . . . . . . . Peak Influence 2338 | 5 61 . 485 827 945 422 632 777 489 312 80 326 1318 1014 1799 944 1216 638 2338 1349 1374 2230 1373 1610 Initial 1334 | . . . . 312 403 422 195 331 379 244 68 . 226 691 701 944 560 638 202 1314 670 705 1334 1038 Average 638 | . 23 . 170 557 606 340 474 312 416 248 47 116 880 793 1197 872 886 478 922 1285 809 1225 1337 1251 Influence Increases 18007 | 10 116 175 1053 535 1122 151 467 1191 651 278 118 729 1152 835 1228 6 766 251 2386 576 1370 2185 54 602 Destroy 0b10 Robot/C 8560 | . 80 100 600 360 660 120 320 640 320 140 80 420 580 460 420 . 360 140 420 380 860 840 . 260 Destroy 0b10 Robot/NC 545 | 10 . . 65 . 70 . 10 80 20 5 . 60 . 40 30 . . 5 45 5 20 70 10 . Destroy Leader 1376 | . 20 . 158 20 136 30 30 196 30 10 . 124 40 92 40 . 10 30 40 72 140 126 2 30 Allied During Kill 409 | . . . . . . . . . 130 63 . . 67 10 45 . 15 . 11 25 25 18 . . Trap Triggered on 0b10 30 | . . . . . . . 10 20 . . . . . . . . . . . . . . . . Successful Hack 267 | . . . 51 . 6 . . 62 34 18 . 19 . 5 . 6 14 24 28 . . . . . Disable Machine 765 | . . . 30 . 45 . 45 75 60 30 30 75 30 120 . . 15 30 . 15 45 90 15 15 Anti-Garrison Action 2600 | . . . . 100 . . . . . . . . 300 . 550 . 250 . 1400 . . . . . Destroy Structure 2300 | . 1 . 44 10 40 1 7 43 27 12 8 16 120 108 68 . 27 22 187 64 250 921 27 297 Partial Spotted 15 | . . . . . . . . 15 . . . . . . . . . . . . . . . . Lose Combat Pursuer 1140 | . 15 75 105 45 165 . 45 60 30 . . 15 15 . 75 . 75 . 255 15 30 120 . . Influence Decreases 16407 | 10 90 201 573 188 1020 801 114 1048 988 544 290 406 157 1151 431 1005 350 1178 337 1636 1304 1305 980 300 Entered New Map 8398 | . . 14 . 168 424 507 84 301 396 194 104 . 97 627 301 855 240 578 87 1024 608 639 890 260 Time Decay 5799 | 10 90 177 523 . 486 294 . 707 362 180 166 396 . 404 . 150 . 440 . 452 446 446 70 . Lost Part 1060 | . . 10 50 20 110 . 30 30 50 50 20 . 20 40 30 . 30 10 130 40 150 180 20 40 Lost Ally 1000 | . . . . . . . . 10 180 120 . 10 40 80 100 . 80 . 120 120 100 40 . . Purge Threat 150 | . . . . . . . . . . . . . . . . . . 150 . . . . . . Squads Dispatched 70 | . . . 2 . 5 2 . 12 2 1 . 8 . 6 . 1 . 3 . 6 9 12 1 . Investigation 8 | . . . 1 . 2 . . 1 1 1 . 1 . . . . . . . . 1 . . . Extermination 22 | . . . . . . 2 . 6 . . . 3 . 2 . . . 2 . 3 2 2 . . Reinforcement 24 | . . . 1 . 1 . . 5 1 . . 3 . 3 . . . 1 . 1 3 4 1 . Assault 13 | . . . . . 2 . . . . . . . . . . 1 . . . 2 3 5 . . Garrison 3 | . . . . . . . . . . . . 1 . 1 . . . . . . . 1 . . Intercept . | . . . . . . . . . . . . . . . . . . . . . . . . . Searches Triggered . | . . . . . . . . . . . . . . . . . . . . . . . . . Construction Impeded 5 | . . . . . . . . . . . . 1 . 1 . . . 1 . 1 . 1 . . Haulers Reinforced 2 | . . . . . . . . 1 . . . . . . . . . . . . . 1 . . Active Scanning Responses . | . . . . . . . . . . . . . . . . . . . . . . . . . Cargo Convoy Interrupts 1 | . . . . . . . . 1 . . . . . . . . . . . . . . . . Alert ID Control Effect 31 | . . . . . . . . . . . . . . . 14 . 3 . 3 7 3 1 . . Stealth | -11 -10 -10 -8 -8 -8 -7 -7 -6 -6 -6 -6 -6 -6 -5 -5 -5 -5 -4 -4 -3 -3 -2 -1 -1 --------- Run | Yrd Mat Sub Mat Gar Mat Fac Gar Fac Ext Cet Arc Hub Gar Fac Gar Fac Gar Fac Gar Res Arm Res Acc Gar Distress Signals 32 | . . . 7 . 4 . . 4 2 2 . 4 . 2 . . . . . . 5 2 . . Communications Jammed . | . . . . . . . . . . . . . . . . . . . . . . . . . Distress Signals . | . . . . . . . . . . . . . . . . . . . . . . . . . Times Spotted 701 | . 4 17 64 19 59 6 24 54 19 9 5 35 27 28 45 . 27 12 46 36 73 64 6 22 Peak Tracking Total 16 | . 3 6 8 9 7 4 4 4 4 5 1 7 8 5 5 . 5 4 11 8 11 9 5 16 Tactical Retreats 52 | . 1 2 3 1 9 . 3 3 2 . . 1 1 . 5 . 4 . 10 1 2 4 . . Traps | -11 -10 -10 -8 -8 -8 -7 -7 -6 -6 -6 -6 -6 -6 -5 -5 -5 -5 -4 -4 -3 -3 -2 -1 -1 ------- Run | Yrd Mat Sub Mat Gar Mat Fac Gar Fac Ext Cet Arc Hub Gar Fac Gar Fac Gar Fac Gar Res Arm Res Acc Gar Traps Triggered 23 | . . . . 1 4 . 4 2 1 . . . . 1 . . . 2 3 . 3 2 . . Indirectly . | . . . . . . . . . . . . . . . . . . . . . . . . . Trap Hack Attempts . | . . . . . . . . . . . . . . . . . . . . . . . . . Triggered . | . . . . . . . . . . . . . . . . . . . . . . . . . Disarmed . | . . . . . . . . . . . . . . . . . . . . . . . . . Reprogrammed . | . . . . . . . . . . . . . . . . . . . . . . . . . Reused 3 | . . . . . . . 1 2 . . . . . . . . . . . . . . . . Traps Extracted . | . . . . . . . . . . . . . . . . . . . . . . . . . Installed 4 | . . . . . . . 2 2 . . . . . . . . . . . . . . . . Triggered 3 | . . . . . . . 1 2 . . . . . . . . . . . . . . . . Most Traps Carried 3 | . . . . . . . 3 3 . . . . . . . . . . . . . . . . Machines | -11 -10 -10 -8 -8 -8 -7 -7 -6 -6 -6 -6 -6 -6 -5 -5 -5 -5 -4 -4 -3 -3 -2 -1 -1 ---------- Run | Yrd Mat Sub Mat Gar Mat Fac Gar Fac Ext Cet Arc Hub Gar Fac Gar Fac Gar Fac Gar Res Arm Res Acc Gar Machines Disabled 76 | . . . 2 2 3 . 3 5 4 2 2 5 6 8 9 . 4 2 7 1 3 6 1 1 Max in Single Turn 4 | . . . 1 1 2 . 1 1 2 1 1 2 2 4 1 . 1 1 2 1 1 1 1 1 Garrison Relay 18 | . . . . 2 . . . . . . . . 2 . 6 . 3 . 5 . . . . . Phase Generator 2 | . . . . . . . . . . . . . 1 . . . . . 1 . . . . . Energy Cycler 1 | . . . . . . . . . 1 . . . . . . . . . . . . . . . Machines Repaired . | . . . . . . . . . . . . . . . . . . . . . . . . . Machines Dismantled . | . . . . . . . . . . . . . . . . . . . . . . . . . Machines Sabotaged . | . . . . . . . . . . . . . . . . . . . . . . . . . Overloaded Fab Kills . | . . . . . . . . . . . . . . . . . . . . . . . . . Hacking | -11 -10 -10 -8 -8 -8 -7 -7 -6 -6 -6 -6 -6 -6 -5 -5 -5 -5 -4 -4 -3 -3 -2 -1 -1 --------- Run | Yrd Mat Sub Mat Gar Mat Fac Gar Fac Ext Cet Arc Hub Gar Fac Gar Fac Gar Fac Gar Res Arm Res Acc Gar Machines Accessed 84 | . . . 13 2 5 2 . 11 10 3 1 8 1 6 . 2 3 7 3 2 3 1 1 . Terminals 53 | . . . 9 2 4 . . 7 8 3 . 7 1 2 . . 3 2 3 . 2 . . . Fabricators 2 | . . . . . . . . . . . . . . 1 . . . . . 1 . . . . Repair Stations 5 | . . . . . . 1 . . 1 . . . . 1 . 1 . 1 . . . . . . Recycling Units 12 | . . . 2 . 1 . . 3 1 . . . . 1 . . . 1 . 1 1 1 . . Scanalyzers 4 | . . . 1 . . . . 1 . . . . . . . . . 2 . . . . . . Garrison Access 7 | . . . 1 . . 1 . . . . . 1 . 1 . 1 . 1 . . . . 1 . Total Hacks 151 | . . . 26 6 8 3 . 19 17 8 1 15 2 12 . 3 4 14 6 2 3 1 1 . Successful 70 | . . . 15 . 5 2 . 7 10 3 1 5 . 5 . 3 1 8 2 2 . . 1 . Failed 80 | . . . 11 6 3 1 . 11 7 5 . 10 2 7 . . 3 6 4 . 3 1 . . Catastrophic 17 | . . . 1 1 2 . . 2 . 1 . 5 . . . . 1 1 2 . 1 . . . Database Lockouts 1 | . . . . . . . . 1 . . . . . . . . . . . . . . . . Manual 33 | . . . 10 . 1 . . 6 5 . . 4 . 2 . . . 4 . . 1 . . . Terminals 101 | . . . 19 6 6 . . 12 13 8 . 14 2 4 . . 4 5 6 . 2 . . . Fabricators 4 | . . . . . . . . . . . . . . 3 . . . . . 1 . . . . Repair Stations 11 | . . . . . . 2 . . 2 . . . . 3 . 2 . 2 . . . . . . Recycling Units 18 | . . . 4 . 2 . . 4 2 . . . . 1 . . . 2 . 1 1 1 . . Scanalyzers 9 | . . . 2 . . . . 3 . . . . . . . . . 4 . . . . . . Garrison Access 7 | . . . 1 . . 1 . . . . . 1 . 1 . 1 . 1 . . . . 1 . Terminal Hacks 25 | . . . 7 . 4 . . 2 3 3 1 2 . . . . 1 . 2 . . . . . Record 5 | . . . 1 . . . . . . 3 1 . . . . . . . . . . . . . Robot Schematic 1 | . . . . . . . . . . . . 1 . . . . . . . . . . . . Prototype ID Bank 1 | . . . 1 . . . . . . . . . . . . . . . . . . . . . Open Door 3 | . . . . . . . . . 3 . . . . . . . . . . . . . . . Branch Access Points 2 | . . . . . 1 . . 1 . . . . . . . . . . . . . . . . Emergency Access Points 2 | . . . 1 . . . . . . . . . . . . . . . 1 . . . . . Alert Level 1 | . . . 1 . . . . . . . . . . . . . . . . . . . . . Locate Traps 4 | . . . 3 . . . . 1 . . . . . . . . . . . . . . . . Dispatch Records 1 | . . . . . 1 . . . . . . . . . . . . . . . . . . . Transport Status 1 | . . . . . . . . . . . . 1 . . . . . . . . . . . . Zone Layout 2 | . . . . . 2 . . . . . . . . . . . . . . . . . . . Garrison Registry 1 | . . . . . . . . . . . . . . . . . . . 1 . . . . . Patrol Navigation 1 | . . . . . . . . . . . . . . . . . 1 . . . . . . . Fabricator Hacks 2 | . . . . . . . . . . . . . . 1 . . . . . 1 . . . . Network Status 2 | . . . . . . . . . . . . . . 1 . . . . . 1 . . . . Repair Station Hacks 7 | . . . . . . 1 . . 1 . . . . 1 . 2 . 2 . . . . . . Scan Component 5 | . . . . . . 1 . . 1 . . . . 1 . 1 . 1 . . . . . . Repair 2 | . . . . . . . . . . . . . . . . 1 . 1 . . . . . . Recycling Unit Hacks 7 | . . . 2 . . . . 1 2 . . . . . . . . 1 . 1 . . . . Retrieve Matter 1 | . . . . . . . . . 1 . . . . . . . . . . . . . . . Retrieve Components 6 | . . . 2 . . . . 1 1 . . . . . . . . 1 . 1 . . . . Scanalyzer 6 | . . . 1 . . . . 2 . . . . . . . . . 3 . . . . . . Retrieve Study 6 | . . . 1 . . . . 2 . . . . . . . . . 3 . . . . . . Garrison Access Hacks 7 | . . . 1 . . 1 . . . . . 1 . 1 . 1 . 1 . . . . 1 . Unlock Access 7 | . . . 1 . . 1 . . . . . 1 . 1 . 1 . 1 . . . . 1 . Unauthorized Hacks 16 | . . . 4 . 1 . . 2 4 . . 2 . 2 . . . 1 . . . . . . Terminals 16 | . . . 4 . 1 . . 2 4 . . 2 . 2 . . . 1 . . . . . . Botnet 14 | . . . 3 . 1 . . 2 4 . . 2 . 1 . . . 1 . . . . . . Operators 2 | . . . 1 . . . . . . . . . . 1 . . . . . . . . . . Fabricators . | . . . . . . . . . . . . . . . . . . . . . . . . . Repair Stations . | . . . . . . . . . . . . . . . . . . . . . . . . . Recycling Units . | . . . . . . . . . . . . . . . . . . . . . . . . . Scanalyzers . | . . . . . . . . . . . . . . . . . . . . . . . . . Garrison Access . | . . . . . . . . . . . . . . . . . . . . . . . . . Data Cores Recovered 3 | . . . . . 1 . . 1 . . . 1 . . . . . . . . . . . . Used 2 | . . . . . 1 . . . . . . 1 . . . . . . . . . . . . Hacking Detections 60 | . . . 11 2 4 1 . 9 3 3 . 8 1 3 . 1 2 4 3 . 3 1 1 . Full Trace Events 8 | . . . 1 . . . . 1 1 1 . 1 1 . . . . . 2 . . . . . Feedback Events . | . . . . . . . . . . . . . . . . . . . . . . . . . Feedback Blocked . | . . . . . . . . . . . . . . . . . . . . . . . . . Robot Schematics Acquired 1 | . . . . . . . . . . . . 1 . . . . . . . . . . . . Robots Built . | . . . . . . . . . . . . . . . . . . . . . . . . . Authchips . | . . . . . . . . . . . . . . . . . . . . . . . . . Time . | . . . . . . . . . . . . . . . . . . . . . . . . . Total Robot Build Rating . | . . . . . . . . . . . . . . . . . . . . . . . . . Part Schematics Acquired . | . . . . . . . . . . . . . . . . . . . . . . . . . Parts Built . | . . . . . . . . . . . . . . . . . . . . . . . . . Authchips . | . . . . . . . . . . . . . . . . . . . . . . . . . Time . | . . . . . . . . . . . . . . . . . . . . . . . . . Total Part Build Rating . | . . . . . . . . . . . . . . . . . . . . . . . . . Part Studies Acquired 6 | . . . 1 . . . . 2 . . . . . . . . . 3 . . . . . . Parts Repaired 2 | . . . . . . . . . . . . . . . . 1 . 1 . . . . . . Time 94 | . . . . . . . . . . . . . . . . 50 . 44 . . . . . . Parts Recycled . | . . . . . . . . . . . . . . . . . . . . . . . . . Recycled Matter . | . . . . . . . . . . . . . . . . . . . . . . . . . Retrieved Matter . | . . . . . . . . . . . . . . . . . . . . . . . . . Retrieved Components 27 | . . . 16 . . . . 4 3 . . . . . . . . 2 . 2 . . . . Parts Scanalyzed . | . . . . . . . . . . . . . . . . . . . . . . . . . Part Schematics Acquired . | . . . . . . . . . . . . . . . . . . . . . . . . . Parts Damaged . | . . . . . . . . . . . . . . . . . . . . . . . . . Bothacking | -11 -10 -10 -8 -8 -8 -7 -7 -6 -6 -6 -6 -6 -6 -5 -5 -5 -5 -4 -4 -3 -3 -2 -1 -1 ------------ Run | Yrd Mat Sub Mat Gar Mat Fac Gar Fac Ext Cet Arc Hub Gar Fac Gar Fac Gar Fac Gar Res Arm Res Acc Gar Used RIF Installer 7 | . . . . 2 . . 1 . . . . . 1 . 1 . 1 . 1 . . . . . Code Merge 1 | . . . . . . . . . . . . . . . . . . . 1 . . . . . Command Fork 1 | . . . . . . . . . . . . . . . 1 . . . . . . . . . Alert ID Control 1 | . . . . 1 . . . . . . . . . . . . . . . . . . . . Program Shield 1 | . . . . . . . 1 . . . . . . . . . . . . . . . . . Autoassimilate 2 | . . . . . . . . . . . . . 1 . . . 1 . . . . . . . Robots Hacked 51 | . . . . . . . . . 1 . . 3 . 3 4 . 3 3 9 9 13 3 . . Non-combat 9 | . . . . . . . . . . . . 3 . . . . . 2 . . 1 3 . . Combat 42 | . . . . . . . . . 1 . . . . 3 4 . 3 1 9 9 12 . . . Autoassimilated 15 | . . . . . . . . . . . . . . 3 1 . . . 1 5 5 . . . Robot Hacks Applied 38 | . . . . . . . . . 1 . . 3 . . 4 . 3 3 9 4 8 3 . . parse_system 2 | . . . . . . . . . . . . . . . 1 . . . 1 . . . . . drop_inventory 6 | . . . . . . . . . . . . 3 . . . . . 1 . . . 2 . . check_alert 1 | . . . . . . . . . . . . . . . . . . . . . 1 . . . purge_threat 1 | . . . . . . . . . . . . . . . . . . 1 . . . . . . disarm_traps 1 | . . . . . . . . . . . . . . . . . . . . . . 1 . . overload_power 2 | . . . . . . . . . . . . . . . . . . . 1 . 1 . . . amplify_resonance 12 | . . . . . . . . . . . . . . . 2 . . 1 4 2 3 . . . reboot_system 1 | . . . . . . . . . 1 . . . . . . . . . . . . . . . overwrite_iff 10 | . . . . . . . . . . . . . . . 1 . 3 . 3 1 2 . . . formatsys_high 2 | . . . . . . . . . . . . . . . . . . . . 1 1 . . . Relay Couplers Released 83 | . . . . 10 . . . 3 . . . . 10 . 28 . 13 . 19 . . . . . Machine Destruction 80 | . . . . 10 . . . . . . . . 10 . 28 . 13 . 19 . . . . . Programmers 3 | . . . . . . . . 3 . . . . . . . . . . . . . . . . Attached 15 | . . . . . . . 1 1 1 . . . 1 . 2 . 1 1 5 . 1 1 . . Merged Code Value 29 | . . . . . . . . . . . . . . . . . . . 29 . . . . . Fabnet Peak Effective % . | . . . . . . . . . . . . . . . . . . . . . . . . . Robots Rewired 27 | . . . . . . . . . 18 . . . 3 . 6 . . . . . . . . . Allies Hacked . | . . . . . . . . . . . . . . . . . . . . . . . . . Hacks Repelled . | . . . . . . . . . . . . . . . . . . . . . . . . . Allies | -11 -10 -10 -8 -8 -8 -7 -7 -6 -6 -6 -6 -6 -6 -5 -5 -5 -5 -4 -4 -3 -3 -2 -1 -1 -------- Run | Yrd Mat Sub Mat Gar Mat Fac Gar Fac Ext Cet Arc Hub Gar Fac Gar Fac Gar Fac Gar Res Arm Res Acc Gar Total Allies 60 | . . . . . . . . . 20 . . . 3 3 8 . 4 . 7 7 8 . . . Largest Group 12 | . . . . . . . . . 12 7 . . 3 2 6 2 2 . 2 4 2 2 . . Highest-Rated Group 316 | . . . . . . . . . 316 205 . . 118 58 183 98 98 . 142 199 142 128 . . Highest-Rated Ally 142 | . . . . . . . . . 39 31 . . 41 36 49 49 49 . 80 64 142 64 . . Total Orders 10 | . . . . . . . . 2 . . . 2 4 . . . . . . 2 . . . . STAY 2 | . . . . . . . . . . . . . 2 . . . . . . . . . . . ROAM 1 | . . . . . . . . . . . . . . . . . . . . 1 . . . . FOLLOW 2 | . . . . . . . . . . . . . 2 . . . . . . . . . . . GUARD 1 | . . . . . . . . . . . . . . . . . . . . 1 . . . . EXPLORE 3 | . . . . . . . . 1 . . . 2 . . . . . . . . . . . . RETURN 1 | . . . . . . . . 1 . . . . . . . . . . . . . . . . Ally Attacks 341 | . . . . . . . . . 69 60 . . 39 8 57 . 26 . 21 40 16 5 . . Total Damage 9005 | . . . . . . . . . 1643 981 . . 1440 161 1416 . 663 . 719 1247 568 167 . . Kills 59 | . . . . . . . . . 10 1 . . 14 . 14 . 3 . 6 7 3 1 . . Allies Corrupted 3 | . . . . . . . . . . . . . . . 2 . 1 . . . . . . . Allies Melted 2 | . . . . . . . . . . . . . . . 1 . . . . . 1 . . . Intel | -11 -10 -10 -8 -8 -8 -7 -7 -6 -6 -6 -6 -6 -6 -5 -5 -5 -5 -4 -4 -3 -3 -2 -1 -1 ------- Run | Yrd Mat Sub Mat Gar Mat Fac Gar Fac Ext Cet Arc Hub Gar Fac Gar Fac Gar Fac Gar Res Arm Res Acc Gar Active Infowar (turns) 944 | 14 272 456 . . . . . . . . . . . . . . . . . . . 19 159 24 Sensors 202 | . . . . . . . . . . . . . . . . . . . . . . 19 159 24 Terrain 2 | . . . . . . . . . . . . . . . . . . . . . . . 2 . Seismic 742 | 14 272 456 . . . . . . . . . . . . . . . . . . . . . . Robot Analysis Total . | . . . . . . . . . . . . . . . . . . . . . . . . . Derelict Logs Recovered 2 | . . 2 . . . . . . . . . . . . . . . . . . . . . . Drone Launches 6 | . . . . . . . . 3 . . . 2 . . . . . . . 1 . . . . Drone Recoveries 4 | . . . . . . . . 2 . . . 1 . . . . . . . 1 . . . . Exploration | -11 -10 -10 -8 -8 -8 -7 -7 -6 -6 -6 -6 -6 -6 -5 -5 -5 -5 -4 -4 -3 -3 -2 -1 -1 ------------- Run | Yrd Mat Sub Mat Gar Mat Fac Gar Fac Ext Cet Arc Hub Gar Fac Gar Fac Gar Fac Gar Res Arm Res Acc Gar Turns Passed 29504 | 117 272 1455 3083 792 1263 642 980 3126 833 364 362 1803 1518 974 2108 310 1547 1096 3275 1134 1101 1105 159 85 Spaces Moved 14861 | 69 227 799 1672 417 540 369 481 1732 429 200 148 772 869 480 1004 153 846 412 1575 467 370 543 209 78 Core 481 | 1 . . . . . . . . . . . . . . . . . . . . . 195 209 76 Treads 14028 | . . 798 1672 417 540 369 481 1732 377 200 148 772 869 480 1004 153 846 412 1575 467 370 346 . . Legs 2 | . . . . . . . . . . . . . . . . . . . . . . 2 . . Wheels 348 | 68 227 1 . . . . . . 52 . . . . . . . . . . . . . . . Hover . | . . . . . . . . . . . . . . . . . . . . . . . . . Flight 2 | . . . . . . . . . . . . . . . . . . . . . . . . 2 Fastest Speed 40 | 50 90 90 155 155 155 162 158 158 155 160 160 155 155 155 166 166 166 166 160 158 158 50 50 40 Average Speed 160 | 89 90 159 159 155 157 162 165 158 158 160 160 155 155 165 167 166 166 209 178 161 195 157 50 67 Slowest Speed 625 | 90 90 160 160 155 232 162 200 158 160 160 160 160 155 170 170 166 166 246 250 240 245 625 50 150 Overloaded Moves . | . . . . . . . . . . . . . . . . . . . . . . . . . Propulsion Burnouts . | . . . . . . . . . . . . . . . . . . . . . . . . . Robots Hopped . | . . . . . . . . . . . . . . . . . . . . . . . . . Potential Cave-ins 1 | . . . . . . . . . . . . . . . . . . . . . 1 . . . Cave-ins Triggered 1 | . . . . . . . . . . . . . . . . . . . . . 1 . . . Exploration Rate (%) 41 | 4 22 58 81 39 45 10 39 41 73 66 82 55 63 13 70 5 78 12 96 13 22 19 8 18 Regions Visited 24 Branch Regions 6 Pre-discovered Areas . | . . . . . . . . . . . . . . . . . . . . . . . . . Known Exits Taken 11 | . . . 1 . . 1 . 1 1 1 1 1 . 1 . 1 . 1 . . . . 1 . Unknown Exits Taken 7 | 1 1 1 . . 1 . . . . . . . . . . . . . . 1 1 1 . . Scrap Searched 8 | . . 8 . . . . . . . . . . . . . . . . . . . . . . Spaces Dug 33 | . . 1 2 . . . 2 8 . . 1 . 1 . 13 . . 2 . . 2 1 . . Terrain Destroyed 1250 | . . 2 39 . 46 . 2 43 22 7 8 13 108 65 19 . 6 13 107 27 149 417 9 148 Melee 13 | . . 1 2 . . . 2 8 . . . . . . . . . . . . . . . . Projectile 302 | . . . 31 . 4 . . 35 11 1 8 13 4 21 6 . 6 13 30 27 66 25 . 1 AOE 935 | . . 1 6 . 42 . . . 11 6 . . 104 44 13 . . . 77 . 83 392 9 147 Terrain Rammed . | . . . . . . . . . . . . . . . . . . . . . . . . . Walls Destroyed . | . . . . . . . . . . . . . . . . . . . . . . . . . Machines Disabled . | . . . . . . . . . . . . . . . . . . . . . . . . . Actions | -11 -10 -10 -8 -8 -8 -7 -7 -6 -6 -6 -6 -6 -6 -5 -5 -5 -5 -4 -4 -3 -3 -2 -1 -1 --------- Run | Yrd Mat Sub Mat Gar Mat Fac Gar Fac Ext Cet Arc Hub Gar Fac Gar Fac Gar Fac Gar Res Arm Res Acc Gar Total 18422 | 92 269 899 1882 498 753 401 561 1970 535 220 232 1239 973 572 1278 211 931 613 1861 753 608 711 260 100 Wait 1337 | . 14 34 29 25 64 . 10 62 22 . 57 348 42 12 110 51 16 149 36 148 38 31 39 . Move 14841 | 68 226 798 1672 416 539 369 480 1731 428 199 147 772 867 479 1003 153 845 412 1574 466 368 542 209 78 Hop . | . . . . . . . . . . . . . . . . . . . . . . . . . Pick Up 213 | 3 7 5 11 5 14 10 5 18 6 . 3 8 6 8 18 2 4 2 40 18 13 6 1 . Fast Attach 94 | 7 . 2 5 1 5 . . 4 1 1 2 5 1 6 6 2 3 5 10 3 13 8 3 1 Attach 107 | . . 1 5 1 8 2 3 3 4 3 2 2 2 7 3 . . 2 20 9 12 11 2 5 Detach 37 | . . . 1 . . . . . . 1 . 3 1 2 3 . . 2 7 4 5 3 2 3 Swap 252 | . 5 7 24 5 12 2 6 24 12 4 1 17 10 9 16 . 7 11 22 24 27 7 . . Drop 185 | . 4 5 16 8 6 9 3 22 6 . . 13 4 9 16 3 4 3 29 12 6 6 1 . Fire 1214 | 14 13 33 93 35 91 8 48 89 51 12 19 66 40 40 102 . 51 23 84 68 123 97 3 11 Melee 84 | . . 14 4 2 13 . 4 13 . . . . . . . . . . 34 . . . . . Ram 3 | . . . . . . . . . 1 . . . . . . . . . . . . . . 2 Kick . | . . . . . . . . . . . . . . . . . . . . . . . . . Crush 42 | . . . 22 . 1 1 . 2 4 . 1 5 . . 1 . 1 . 1 1 2 . . . Escape Stasis 9 | . . . . . . . . . . . . . . . . . . 4 4 . 1 . . . Rewire . | . . . . . . . . . . . . . . . . . . . . . . . . . Trap 4 | . . . . . . . 2 2 . . . . . . . . . . . . . . . . Miscellaneous . | . . . . . . . . . . . . . . . . . . . . . . . . . Route ------- -11/Scrapyard -10/Materials (discovered 2 exits: [*Min] / [*Sub]) -10/Subcaves (discovered 3 exits: *Mat x2 / Rec) -8/Materials (discovered 2 exits: *Fac / Gar) -8/Garrison -8/Materials -7/Factory -7/Garrison (discovered 2 exits: *Fac / [*Fac]) -6/Factory (discovered 5 exits: *Fac / Low x2 / *Ext x2) -6/Extension (discovered 3 exits: *Fac x2 / *Cet) -6/Cetus -6/Archives (discovered 3 exits: *Fac / *Hub x2) -6/Hub_04(d) (discovered 2 exits: *Fac / Gar) -6/Garrison -5/Factory (discovered 2 exits: *Upp / Gar) -5/Garrison -5/Factory -5/Garrison (discovered 3 exits: *Fac x3) -4/Factory -4/Garrison (discovered 3 exits: *Res x3) -3/Research -3/Armory -2/Research -1/Access -1/Garrison History --------- Turn | Location | Event 10 | -11/Scrapyard | Discovered new exit (range 16) 118 | -11/Scrapyard | Entered Materials 302 | -10/Materials | Discovered new exit (range 16) 311 | -10/Materials | Build established: Mutant 374 | -10/Materials | Discovered new exit (range 9) 390 | -10/Materials | Entered Subcaves 511 | -10/Subcaves | Shifting Twisted Machinery released Sub. Machine Gun 521 | -10/Subcaves | Shifting Twisted Machinery released Sub. Power Source 570 | -10/Subcaves | A swath of the cavern ceiling suddenly collapsed 845 | -10/Subcaves | Core integrity fell below 50% 959 | -10/Subcaves | Discovered new exit (range 10) 1341 | -10/Subcaves | Identified exit to Recycling 1359 | -10/Subcaves | Learned Materials security intel 1754 | -10/Subcaves | Shifting Twisted Machinery released Mak. Axe 1771 | -10/Subcaves | Shifting Twisted Machinery released Sub. Laser 1823 | -10/Subcaves | Discovered new exit (range 9) 1845 | -10/Subcaves | Entered Materials 1845 | -8/Materials | Evolved 4 slots: Propulsion x1, Utility x2, Weapon x1 2208 | -8/Materials | Build established: Derelict-Tank 2831 | -8/Materials | Build established: Derelict-Gunner 4039 | -8/Materials | Build established: Gunner 4168 | -8/Materials | Lost 4 parts (1p1u2w) 4661 | -8/Materials | Discovered new exit (range 15) 4928 | -8/Materials | Identified exit to Garrison 4928 | -8/Materials | Entered Garrison 4959 | -8/Garrison | Installed Relay Interface Framework 4988 | -8/Garrison | Triggered checkpoint 5108 | -8/Garrison | Expanded RIF knowledge: Alert ID Control 5228 | -8/Garrison | Garrison Relay disabled 5446 | -8/Garrison | Build established: Tank 5534 | -8/Garrison | Triggered checkpoint 5598 | -8/Garrison | Triggered checkpoint 5623 | -8/Garrison | Garrison Relay disabled 5709 | -8/Garrison | Discovered new exit (range 8) 5720 | -8/Garrison | Entered Materials 5812 | -8/Materials | Build established: Scavenger-Tank 6107 | -8/Materials | Core integrity fell below 50% 6120 | -8/Materials | First assault squad dispatched 6479 | -8/Materials | Lost 7 parts (3n2u2w) 6637 | -8/Materials | Build established: Mutant 6946 | -8/Materials | Discovered new exit (range 15) 6983 | -8/Materials | Entered Factory 6983 | -7/Factory | Evolved 2 slots: Propulsion x1, Utility x1 7062 | -7/Factory | Build established: Gunner 7625 | -7/Factory | Identified exit to Garrison 7625 | -7/Factory | Entered Garrison 7751 | -7/Garrison | Triggered checkpoint 7824 | -7/Garrison | Expanded RIF knowledge: Program Shield 7961 | -7/Garrison | Triggered checkpoint 8330 | -7/Garrison | Triggered checkpoint 8544 | -7/Garrison | Discovered new exit (range 14) 8601 | -7/Garrison | Discovered new exit (range 8) 8605 | -7/Garrison | Entered Factory 8605 | -6/Factory | Evolved 2 slots: Utility x2 8873 | -6/Factory | Build established: Mutant 9228 | -6/Factory | Discovered new exit (range 15) 9357 | -6/Factory | Identified exit to Factory 9856 | -6/Factory | Identified exit to Lower Caves 9856 | -6/Factory | Identified exit to Extension 9936 | -6/Factory | Cargo convoy interrupted 10109 | -6/Factory | Build established: Gunner 10483 | -6/Factory | Spotted B-75 Beast 10575 | -6/Factory | Allied Derelicts emerged from ambush trap array 11217 | -6/Factory | Build established: Tank 11331 | -6/Factory | Allied Derelicts emerged from ambush trap array 11396 | -6/Factory | Central database locked down 11596 | -6/Factory | Build established: Gunner 11684 | -6/Factory | Lost 3 allies 11731 | -6/Factory | Entered Extension 11826 | -6/Extension | Rescued a captive Derelict 11848 | -6/Extension | Energy Cycler disabled 11848 | -6/Extension | Rescued a captive Derelict 11848 | -6/Extension | Rescued a captive Derelict 11849 | -6/Extension | Rescued a captive Derelict 11849 | -6/Extension | Rescued a captive Derelict 11851 | -6/Extension | Rescued a captive Derelict 11855 | -6/Extension | Rescued a captive Derelict 11865 | -6/Extension | Rescued a captive Derelict 11865 | -6/Extension | Rescued a captive Derelict 11974 | -6/Extension | Lost 4 parts (2n2w) 12017 | -6/Extension | Lost 5 allies 12132 | -6/Extension | Spotted B-75 Beast 12146 | -6/Extension | Destroyed B-75 Beast 12155 | -6/Extension | Discovered exit to Factory (range 16) 12166 | -6/Extension | Extracted ID and sensor layout for unrecognized location from A7's data core 12538 | -6/Extension | Build established: Commander-Gunner 12546 | -6/Extension | Discovered exit to Factory (range 10) 12548 | -6/Extension | Discovered new exit (range 6) 12556 | -6/Extension | Identified exit to Cetus 12564 | -6/Extension | Entered Cetus 12564 | -6/Cetus | Accompanied by 7 allies 12584 | -6/Cetus | Spotted Cetus Guard 12585 | -6/Cetus | Spotted Cetus Guard 12592 | -6/Cetus | Spotted Cetus Guard 12592 | -6/Cetus | Spotted Cetus Guard 12607 | -6/Cetus | Destroyed Cetus Guard 12607 | -6/Cetus | Destroyed Cetus Guard 12611 | -6/Cetus | Destroyed Cetus Guard 12617 | -6/Cetus | Destroyed Cetus Guard 12639 | -6/Cetus | System corruption reached 10% 12647 | -6/Cetus | Lost 4 parts (2n1u1w) 12830 | -6/Cetus | Discovered new exit (range 16) 12853 | -6/Cetus | Identified exit to Archives 12892 | -6/Cetus | Spotted Cetus Guard 12893 | -6/Cetus | Spotted Cetus Guard 12928 | -6/Cetus | Entered Archives 12953 | -6/Archives | Lost 3 allies 13201 | -6/Archives | Unable to access archive contents 13217 | -6/Archives | Unable to access archive contents 13220 | -6/Archives | Discovered new exit (range 15) 13237 | -6/Archives | Discovered exit to Factory (range 14) 13260 | -6/Archives | Discovered new exit (range 15) 13282 | -6/Archives | Identified exit to Hub_04(d) 13290 | -6/Archives | Entered Hub_04(d) 13386 | -6/Hub_04(d) | Build established: Scavenger-Gunner 13994 | -6/Hub_04(d) | Build established: Tank 14135 | -6/Hub_04(d) | Discovered exit to Factory (range 15) 14556 | -6/Hub_04(d) | Build established: Scavenger-Tank 15053 | -6/Hub_04(d) | Garrison activated, responded to threat 15093 | -6/Hub_04(d) | Identified exit to Garrison 15093 | -6/Hub_04(d) | Entered Garrison 15113 | -6/Garrison | Triggered checkpoint 15239 | -6/Garrison | Triggered checkpoint 15251 | -6/Garrison | Garrison Relay disabled 15411 | -6/Garrison | Spotted B-75 Beast 15423 | -6/Garrison | Allies destroyed B-75 Beast 15444 | -6/Garrison | Core integrity fell below 50% 15465 | -6/Garrison | Triggered checkpoint 15577 | -6/Garrison | Discovered exit to Factory (range 12) 15643 | -6/Garrison | Build established: Tank 15711 | -6/Garrison | Triggered checkpoint 16245 | -6/Garrison | Triggered checkpoint 16408 | -6/Garrison | Phase Generator disabled 16494 | -6/Garrison | Expanded RIF knowledge: Autoassimilate 16611 | -6/Garrison | Entered Factory 16611 | -5/Factory | Accompanied by 1 ally 16611 | -5/Factory | Evolved 2 slots: Utility x2 16802 | -5/Factory | Discovered new exit (range 6) 16825 | -5/Factory | Identified exit to Upper Caves 17182 | -5/Factory | Build established: Gunner 17438 | -5/Factory | Destroyed 8 combat bots 17491 | -5/Factory | Garrison activated, responded to threat 17584 | -5/Factory | Identified exit to Garrison 17585 | -5/Factory | Entered Garrison 17661 | -5/Garrison | Triggered checkpoint 17703 | -5/Garrison | Triggered checkpoint 17720 | -5/Garrison | Build established: Scavenger-Gunner 17756 | -5/Garrison | Garrison Relay disabled 17887 | -5/Garrison | Spotted B-75 Beast 17910 | -5/Garrison | Destroyed B-75 Beast 18065 | -5/Garrison | Triggered checkpoint 18091 | -5/Garrison | Garrison Relay disabled 18139 | -5/Garrison | Discovered new exit (range 11) 18154 | -5/Garrison | Spotted B-75 Beast 18208 | -5/Garrison | Destroyed B-75 Beast 18523 | -5/Garrison | Triggered checkpoint 18680 | -5/Garrison | Build established: Scavenger-Tank 18883 | -5/Garrison | Triggered checkpoint 19004 | -5/Garrison | Garrison Relay disabled 19137 | -5/Garrison | Triggered checkpoint 19176 | -5/Garrison | Triggered checkpoint 19222 | -5/Garrison | Garrison Relay disabled 19287 | -5/Garrison | Expanded RIF knowledge: Command Fork 19398 | -5/Garrison | Garrison Relay disabled 19693 | -5/Garrison | Entered Factory 19693 | -5/Factory | Accompanied by 2 allies 19977 | -5/Factory | Repaired Lgt. Angular Momentum Engine 19993 | -5/Factory | First assault squad dispatched 20002 | -5/Factory | Identified exit to Garrison 20003 | -5/Factory | Entered Garrison 20003 | -5/Garrison | Accompanied by 2 allies 20087 | -5/Garrison | Triggered checkpoint 20152 | -5/Garrison | Discovered new exit (range 10) 20225 | -5/Garrison | Triggered checkpoint 20249 | -5/Garrison | Garrison Relay disabled 20368 | -5/Garrison | Triggered checkpoint 20703 | -5/Garrison | Discovered new exit (range 15) 20731 | -5/Garrison | Expanded RIF knowledge: Autoassimilate 21057 | -5/Garrison | Discovered new exit (range 9) 21087 | -5/Garrison | Triggered checkpoint 21123 | -5/Garrison | Garrison Relay disabled 21357 | -5/Garrison | Triggered checkpoint 21385 | -5/Garrison | Garrison Relay disabled 21550 | -5/Garrison | Entered Factory 21550 | -4/Factory | Evolved 2 slots: Power x1, Utility x1 21604 | -4/Factory | Repaired Hrd. Heavy Armor Plating 22646 | -4/Factory | Identified exit to Garrison 22646 | -4/Factory | Entered Garrison 22770 | -4/Garrison | Triggered checkpoint 22833 | -4/Garrison | Garrison Relay disabled 22959 | -4/Garrison | Lost 3 parts (2n1u) 23162 | -4/Garrison | Triggered checkpoint 23408 | -4/Garrison | Spotted B-86 Titan 23466 | -4/Garrison | Allies destroyed B-86 Titan 23496 | -4/Garrison | Lost 8 parts (1p1n4u2w) 23664 | -4/Garrison | Found embedded Infiltrators 23796 | -4/Garrison | Triggered checkpoint 23900 | -4/Garrison | Discovered new exit (range 15) 24196 | -4/Garrison | Phase Generator disabled 24768 | -4/Garrison | Build established: Scavenger-Mutant 24791 | -4/Garrison | Expanded RIF knowledge: Code Merge 24851 | -4/Garrison | Garrison Relay disabled 25060 | -4/Garrison | Triggered checkpoint 25165 | -4/Garrison | Build established: Botlord-Tank 25336 | -4/Garrison | Discovered new exit (range 15) 25459 | -4/Garrison | Discovered new exit (range 12) 25488 | -4/Garrison | Rescued a captive Derelict 25564 | -4/Garrison | Discovered new exit (range 74) 25564 | -4/Garrison | Discovered new exit (range 6) 25564 | -4/Garrison | Discovered new exit (range 63) 25589 | -4/Garrison | Garrison Relay disabled 25606 | -4/Garrison | Garrison Relay disabled 25921 | -4/Garrison | Entered Research 25921 | -3/Research | Evolved 2 slots: Propulsion x2 26171 | -3/Research | First assault squad dispatched 26215 | -3/Research | Found Gamma Bomb Array 26764 | -3/Research | Spotted B-86 Titan 26779 | -3/Research | Destroyed B-86 Titan 26923 | -3/Research | Discovered new exit (range 11) 27055 | -3/Research | Entered Armory 27305 | -3/Armory | First assault squad dispatched 27338 | -3/Armory | Spotted B-86 Titan 27352 | -3/Armory | Destroyed B-86 Titan 27496 | -3/Armory | Lost 4 parts (3n1u) 27858 | -3/Armory | System corruption reached 10% 27897 | -3/Armory | Lost 3 allies 27925 | -3/Armory | Found Quantum Capacitor 27985 | -3/Armory | Build established: Bothacker-Tank 27986 | -3/Armory | Destroyed 10 combat bots 27991 | -3/Armory | Lost 4 parts (1n3u) 28009 | -3/Armory | Found Prototype Launcher 28009 | -3/Armory | Identified Adv. Micro-nuke Launcher 28015 | -3/Armory | Found Prototype Launcher 28015 | -3/Armory | Identified Tactical Quantum Warhead 28021 | -3/Armory | Found Adv. Micro-nuke Launcher 28023 | -3/Armory | Found Adv. Micro-nuke Launcher 28026 | -3/Armory | Found Adv. Micro-nuke Launcher 28059 | -3/Armory | Discovered new exit (range 13) 28091 | -3/Armory | Crushed by falling debris 28106 | -3/Armory | Found Adv. Micro-nuke Launcher 28156 | -3/Armory | Entered Research 28156 | -2/Research | Accompanied by 2 allies 28156 | -2/Research | Evolved 2 slots: Propulsion x1, Utility x1 28400 | -2/Research | Build established: Scavenger-Tank 28406 | -2/Research | First assault squad dispatched 28701 | -2/Research | Destroyed 10 combat bots 28966 | -2/Research | Destroyed 7 combat bots 29104 | -2/Research | Lost 8 parts (3n3u2w) 29136 | -2/Research | Released all parts (11) 29198 | -2/Research | Garrison activated, responded to threat 29214 | -2/Research | Core integrity fell below 50% 29239 | -2/Research | Lost 3 parts (1p2u) 29258 | -2/Research | Discovered new exit (range 8) 29261 | -2/Research | Entered Access 29261 | -1/Access | Evolved 2 slots: Utility x2 29407 | -1/Access | Spotted B-99 Colossus 29420 | -1/Access | Identified exit to Garrison 29420 | -1/Access | Entered Garrison 29422 | -1/Garrison | Build established: Mutant 29438 | -1/Garrison | Triggered checkpoint 29475 | -1/Garrison | Lost 5 parts (2n2u1w) 29487 | -1/Garrison | Spotted B-99 Colossus 29488 | -1/Garrison | Triggered checkpoint 29498 | -1/Garrison | Core integrity fell below 50% 29503 | -1/Garrison | Core integrity fell below 20% 29505 | -1/Garrison | Destroyed by G-73 Enforcer with Heavy Laser Last Messages --------------- 29501_ Destroyed Xenon Bombardment Thruster. 29501_ S-43 Plague destroyed. 29501_ Destroyed Xenon Bombardment Thruster. 29501_ S-43 Plague destroyed. 29501_ G-73 Enforcer destroyed. 29501_ Destroyed Lgt. Antimatter Reactor. 29502_ Knocked back. 29502_ Adv. Micro-nuke Launcher destroyed. 29502_ Slug penetrates Earth. 29502_ Penetrated by Slug. 29503_ The unstable cave ceiling collapses. 29503_ Acquired Xenon Bombardment Thruster. 29504_ The unstable cave ceiling collapses. 29505_ Knocked back. 29505_ Penetrated by Slug. 29505_ Slug penetrates Wall. [Achievement: 40k Club] [Achievement: 50k Club] [Achievement: Tester] [Achievement: Punisher] Map ----- +----------------------------------------------------+ | ????????????????????????????????######### #????? | | ????????????????????????????????# #????? | | ????????????????????????????????# #????? | | ????????????????????????????????# ##########????? | | ????????????????????????????????# #?????????????? | | ????????????????????????????????# #?????????????? | | ????????????????????????????????# #?????????????? | | ????????????????????????????????# #?????????????? | | ????????????????????????????????# #?????????????? | | ????????????????????????????????# ###??????##???? | | ????????????????????????????????# # #????? #???? | | ????????????????????????????????# ## #????? #???? | | ????????????????????????????????# ## #????? #???? | | ?????????????????????############ ## #????? #???? | | ???????????????????### ## ###### ###?? | | ???????????????????# ## ### #?? | | ??????????????????### # ## #?? | | ??????????????????# # # # #?? | | ??????????????????? # # ###[ ##### | | ???????????????????# [ [ | | ???????????????###### s * ## # # # ### | | ??????????#????# ##%%* # # # # # # #? | | ??????????# # [#!%[ # ### # # ##? | | ??????????# % gg%[ %[ ## ### ##?? | | ??????????# g *% #?#### ##??? | | ??????????# g @% #????######???? | | ??????????# # p ;#######?????????????? | | ??????????#???# BB #####???????????????????? | | ??????????? BB "???????????????????????? | | ??????????" "???????????????????????? | | ??????????" "???????????????????????? | | ??????????" "???????????????????????? | | ??????????# ^## ## #???????????????????????? | | ??????????# ?# ?# ^#???????????????????????? | | ??????????# ? ? ???????????????????????? | | ??????????# ?? ? ???????????????????????? | | ????????????? ??????????????????????? | | ??????????????##""""#######??????????????????????? | | ?????????????????????????????????????????????????? | | ?????????????????????????????????????????????????? | | ?????????????????????????????????????????????????? | | ?????????????????????????????????????????????????? | | ?????????????????????????????????????????????????? | | ?????????????????????????????????????????????????? | | ?????????????????????????????????????????????????? | | ?????????????????????????????????????????????????? | | ?????????????????????????????????????????????????? | | ?????????????????????????????????????????????????? | | ?????????????????????????????????????????????????? | | ?????????????????????????????????????????????????? | +----------------------------------------------------+ Best States ------------- Heat Dissipation 126 Energy Generation 41 Energy Capacity 440 Matter Stores 300 Matter Capacity 300 Sight Range 16 Robot Scan Range 15 Terrain Scan Density 10 Additional Mass Support 12 Base Temperature (-) 150 Armor Coverage 2100 Resistance: KI 10 Resistance: TH 30 Resistance: EM 20 Weapon Cycling 25 Phase Shifting 15 Evasion (%) 55 Targeting Accuracy 8 Target Analysis 8 Core Analysis 9 Recoil Reduction 7 Kinecelleration 40 Relay Coupler Types 3 Relay Coupler Value 110 Authchip Count 1 Item Schematics ----------------- None Robot Schematics ------------------ O-24 Administrator | -6/Hub_04(d) | Hacked Fabricated ------------ Nothing Repaired ---------- Lgt. Angular Momentum Engine | 6% | -5/Factory Hrd. Heavy Armor Plating | 2% | -4/Factory Studied --------- Imp. Treads | -8/Materials | Hacked Magnetic Acceleration Cannon | -6/Factory | Hacked Imp. Deuterium Engine | -6/Factory | Hacked Linear Accelerator | -4/Factory | Hacked Enh. Gauss Cannon | -4/Factory | Hacked Railgun | -4/Factory | Hacked Alien Tech Used ----------------- None Achievements -------------- 40k Club 50k Club Assimilation Complete Explosive Keycard Factory Defaults Giant Slayer Hackathon Hackerman Packrat Preemptive Strike Punisher Tank Tank Life Tester Versatile Challenges ------------ None Game ------ Seed ContainmentSpacefoldLauncher Manual? 0 Play Time 05:32:51 Cumulative 84.1 hours Start 2026.01.18 @ 12:49:21 End 2026.01.19 @ 22:56:38 Sessions 7 Manual Loads 0 Difficulty Rogue Special Mode None Game No. 32 Rogue 32 Adventurer 0 Explorer 0 Win Type - Total 1 Types 1/0/0/0/0/0/0/0/0/0 Lore% 44 Gallery% 50 Achievement% 41 Wizard Run 0 Options --------- Layout 0 ASCII 0 Keyboard 1 Movement Arrows Keybinds 0 Fullscreen 1 Font 18/SmallcapsGlow Map View 76x50 Zoom Use 0% Tactical HUD 1 Map Filters NONE Filters NONE Steam 1 RUN: 9018dfcd-0597-4bad-abb2-cf6671c224cf